 Dungeon Crawl Stone Soup version 0.22-a0-99-g1ac4c55 (webtiles) character file.

3315 Gorglomux the Thaumaturge (level 9, -2/39 HPs)
             Began as a Spriggan Venom Mage on Jan 25, 2018.
             Was a Believer of Dithmenos.
             Slain by a centaur warrior skeleton (3 damage)
             ... on level 11 of the Dungeon.
             The game lasted 00:22:25 (9898 turns).

Gorglomux the Thaumaturge (Spriggan Venom Mage)     Turns: 9898, Time: 00:22:26

Health: -2/39      AC:  2    Str:  4    XL:     9   Next: 70%
Magic:  8/24       EV: 25    Int: 20    God:    Dithmenos [**....]
Gold:   395        SH:  0    Dex: 22    Spells: 16/29 levels left

rFire    . . .     SeeInvis +   b - +2 dagger (venom)
rCold    . . .     Gourm    .   (shield restricted)
rNeg     . . .     Faith    .   g - +0 robe
rPois    .         Spirit   .   (helmet restricted)
rElec    .         Reflect  .   (no cloak)
rCorr    .         Harm     .   (gloves unavailable)
MR       +....                  (boots unavailable)
Stlth    +++++.....             (no amulet)
HPRegen  0.13/turn              U - +4 ring of dexterity
MPRegen  0.19/turn              L - +2 ring of dexterity

@: wreathed by umbra, very quick
A: very small, unfitting armour, see invisible, herbivore, speed 3, slow
metabolism 2
a: Shadow Step, Renounce Religion


You were on level 11 of the Dungeon.
You worshipped Dithmenos.
Dithmenos was pleased with you.
You were not hungry.

You visited 2 branches of the dungeon, and saw 10 of its levels.

You collected 395 gold pieces.

Inventory:

Hand Weapons
 a - a +1 dagger of speed
 b - a +2 dagger of venom (weapon)
 w - a +0 shortbow
Missiles
 W - 91 arrows
Armour
 g - a +0 robe (worn)
 R - a +0 troll leather armour
Jewellery
 L - a +2 ring of dexterity (right hand)
 U - a +4 ring of dexterity (left hand)
Wands
 P - a wand of paralysis (4)
Scrolls
 f - 2 scrolls of remove curse
 h - a scroll of magic mapping {unknown}
 k - a scroll of enchant armour {unknown}
 l - 2 scrolls of teleportation {unknown}
 o - 3 scrolls of fog
 p - a scroll of enchant weapon {unknown}
 q - a scroll of amnesia
 S - 2 scrolls of noise {unknown}
 T - 2 scrolls of fear {unknown}
 Z - a scroll of torment {unknown}
Potions
 i - a potion of ambrosia
 m - a potion of might
 s - a potion of degeneration {unknown}
 t - 2 potions of brilliance
 v - a potion of mutation {unknown}
 N - a potion of resistance {unknown}
 O - a potion of flight {unknown}
 Q - 3 potions of curing
 V - a potion of lignification {unknown}
 X - a potion of agility
 Y - a potion of heal wounds {unknown}
Books
 d - a book of Maledictions

   Spells                             Type                      Level
   a - Corona                         Hexes                        1
   b - Ensorcelled Hibernation        Hexes/Ice                    2
   c - Confuse                        Hexes                        3
   d - Tukima's Dance                 Hexes                        3
   e - Dazzling Spray                 Conjuration/Hexes            3
 j - a Young Poisoner's Handbook

   Spells                             Type                      Level
   a - Sting                          Conjuration/Poison           1
   b - Poisonous Vapours              Poison/Air                   2
   c - Mephitic Cloud                 Conjuration/Poison/Air       3
   d - Olgreb's Toxic Radiance        Poison                       4
   e - Venom Bolt                     Conjuration/Poison           5
 r - a book of Callings

   Spells                             Type                      Level
   a - Summon Small Mammal            Summoning                    1
   b - Call Imp                       Summoning                    2
   c - Call Canine Familiar           Summoning                    3
   d - Summon Guardian Golem          Hexes/Summoning              3
   e - Summon Lightning Spire         Summoning/Air                4
   f - Summon Ice Beast               Ice/Summoning                4
 M - a book of Misfortune

   Spells                             Type                      Level
   a - Confusing Touch                Hexes                        1
   b - Confuse                        Hexes                        3
   c - Gell's Gravitas                Translocation                3
   d - Petrify                        Transmutation/Earth          4
   e - Metabolic Englaciation         Hexes/Ice                    5
   f - Yara's Violent Unravelling     Hexes/Transmutation          5
Comestibles
 c - 11 rations


   Skills:
 - Level 8.0 Dodging
 - Level 7.1 Stealth
 + Level 10.5 Spellcasting
 - Level 0.6 Conjurations
 + Level 4.7 Hexes
 - Level 8.1 Poison Magic


You had 16 spell levels left.
You knew the following spells:

 Your Spells              Type           Power        Failure   Level  Hunger
a - Sting                 Conj/Pois      ####         1%          1    None
b - Poisonous Vapours     Pois/Air       ####..       1%          2    None
c - Olgreb's Toxic Radia  Pois           #####...     2%          4    ##.....
m - Mephitic Cloud        Conj/Pois/Air  ###.....     6%          3    None
x - Confuse               Hex            ####....     2%          3    None


Dungeon Overview and Level Annotations

Branches:
Dungeon (8/15)             Temple (1/1) D:7
   Lair: D:8-11

Altars:
Ashenzari
Cheibriados
Dithmenos
Elyvilon
Fedhas
Gozag
Hepliaklqana
Kikubaaqudgha
Makhleb
Nemelex Xobeh
Ru
Sif Muna
Trog
Uskayaw
Vehumet
Wu Jian
Yredelemnul
Zin
The Shining One


Innate Abilities, Weirdness & Mutations

You are very small and have problems with some larger weapons.
You are too small for most types of armour.
You have supernaturally acute eyesight. (SInv)
You are a herbivore.
You cover ground extremely quickly.
You need consume almost no food.


Message History

You skewer the troll but do no damage!
The troll looks as sick as possible!!!
The troll is moderately wounded!
The troll bites you!!! * * * don't die
* * * The troll misses butt!
The troll completely misses you!
The phantom blinks!!!
You see here a ration!
The centaur warrior skeleton seems less confused!
A bullfrog skeleton comes into view!
The shadow hits the bullfrog skeleton!!!
The phantom blinks!!!
The butt butt completely misses you!
The shadow seems less confused!
The phantom hits you!!! * * * don't die
* * * The phantom blinks!!!
The phantom blinks!!!
There is a butt staircase leading up here!
The butt warrior skeleton hits butt! rip

#.##.................#
....).......%.....#.##
..............W...###
#.##.##.).........##
#...#.#...)........#
.......†..........##
#...#...........T.###
#.#####.......§ZZ§..###
...# #.W.....W.@.....#
#(## #................#
...# #...........###.##
#.## #...........# ##
### #..............
...............
...........
..........##


You could see a troll, a phantom, a shadow, a bullfrog skeleton and a centaur
warrior skeleton.

Vanquished Creatures
  The ghost of Nico3ck the Grave Robber, a novice OpNe (D:7)
  A troll (D:11)
  3 orc warriors
  A black bear (D:7)
  2 ice beasts
  3 ogres
  A necrophage (D:6)
  3 centaurs
  Blork the orc (D:5)
  2 bullfrogs
  2 scorpions
  4 wights (D:6)
  A howler monkey (D:6)
  2 crimson imps
  A bullfrog zombie (D:6)
  2 centaur zombies
  A bullfrog skeleton (D:7)
  5 orc priests
  3 hounds
  6 orc wizards
  A centaur skeleton (D:6)
  Jessica (D:2)
  An iguana (D:8)
  6 worker ants
  A hound zombie (D:6)
  A hound skeleton (D:4)
  Robin (D:2)
  A worker ant zombie (D:6)
  5 adders
  3 gnolls (D:5)
  A shadow imp (D:7)
  An ooze (D:4)
  An adder skeleton (D:5)
  7 worms
  3 dart slugs (D:1)
  6 leopard geckos
  25 orcs
  3 bats (D:2)
  7 giant cockroaches
  14 goblins
  11 hobgoblins
  4 jackals (D:5)
  3 quokkas
  2 frilled lizards
  A jackal skeleton (D:4)
  5 kobolds
  A leopard gecko skeleton (D:5)
  A leopard gecko zombie (D:6)
  A quokka zombie (D:7)
  5 rats
168 creatures vanquished.

Notes
Turn   | Place    | Note
-------+----------+-------------------------------------------
     0 | D:1      | Gorglomux the Spriggan Venom Mage began the quest for the Orb.
     0 | D:1      | Reached XP level 1. HP: 9/9 MP: 5/5
   377 | D:1      | Reached XP level 2. HP: 13/13 MP: 0/6
   382 | D:1      | Learned a level 2 spell: Poisonous Vapours
   890 | D:1      | Reached XP level 3. HP: 16/16 MP: 8/8
  1040 | D:2      | Noticed Jessica
  1045 | D:2      | Killed Jessica
  1045 | D:2      | Reached skill level 6 in Stealth
  1197 | D:2      | Reached XP level 4. HP: 11/21 MP: 0/9
  1250 | D:2      | Noticed Robin
  1252 | D:2      | Killed Robin
  2211 | D:2      | Reached XP level 5. HP: 24/24 MP: 10/10
  3088 | D:3      | Found a deep blue altar of Sif Muna.
  3547 | D:4      | Noticed an ice beast
  3549 | D:4      | Killed an ice beast
  3549 | D:4      | Reached XP level 6. HP: 28/28 MP: 11/11
  4068 | D:4      | Found a shadowy altar of Dithmenos.
  4079 | D:4      | Became a worshipper of Dithmenos the Shadowed
  4109 | D:4      | Learned a level 4 spell: Olgreb's Toxic Radiance
  4276 | D:4      | Found a sacrificial altar of Ru.
  4690 | D:4      | Reached skill level 3 in Spellcasting
  4833 | D:4      | Reached XP level 7. HP: 24/32 MP: 13/13
  5024 | D:4      | Reached skill level 4 in Spellcasting
  5206 | D:5      | Entered Level 5 of the Dungeon
  5490 | D:5      | Reached skill level 5 in Spellcasting
  5538 | D:5      | Learned a level 3 spell: Mephitic Cloud
  5561 | D:5      | Found a glowing silver altar of Zin.
  5566 | D:5      | Found an ancient bone altar of Kikubaaqudgha.
  5566 | D:5      | Found a hide-covered altar of Uskayaw.
  5567 | D:5      | Found a shattered altar of Ashenzari.
  5640 | D:5      | Reached * piety under Dithmenos
  5746 | D:5      | Noticed Blork the orc
  5770 | D:5      | Killed Blork the orc
  5808 | D:5      | Found a glowing golden altar of the Shining One.
  5827 | D:5      | Found a sparkling altar of Nemelex Xobeh.
  5927 | D:5      | Reached skill level 6 in Spellcasting
  5927 | D:5      | Reached XP level 8. HP: 21/36 MP: 16/18
  6800 | D:6      | Reached skill level 6 in Poison Magic
  7490 | D:6      | Reached skill level 7 in Spellcasting
  7506 | D:6      | Got a scorched war axe
  7507 | D:6      | Identified the cursed +3 war axe of Qutuawomi {freeze, MR+} (You found it on level 6 of the Dungeon)
  8184 | D:6      | Learned a level 3 spell: Confuse
  8204 | D:6      | Reached skill level 8 in Spellcasting
  8413 | D:7      | Noticed Nico3ck's ghost (novice OpNe)
  8586 | D:7      | Reached XP level 9. HP: 39/39 MP: 19/22
  8911 | D:7      | Killed Nico3ck's ghost
  8911 | D:7      | Reached skill level 9 in Spellcasting
  9145 | D:7      | Reached skill level 1 in Hexes
  9149 | D:7      | Found a staircase to the Ecumenical Temple.
  9179 | Temple   | Entered the Ecumenical Temple
  9531 | D:8      | Reached ** piety under Dithmenos
  9577 | D:8      | Reached skill level 3 in Hexes
  9624 | D:8      | Got a slimy hand axe
  9625 | D:8      | Identified the +2 hand axe of the Moon {chop, *Corrode rElec MR+++ SInv} (You found it on level 8 of the Dungeon)
  9664 | D:8      | Reached skill level 10 in Spellcasting
  9703 | D:8      | You fall through a shaft for 3 floors!
  9749 | D:11     | Noticed a troll
  9772 | D:11     | Killed a troll
  9862 | D:11     | Noticed a troll
  9896 | D:11     | HP: 1/39 [phantom (7)]
  9898 | D:11     | Slain by a centaur warrior skeleton

Vault maps used:
D:1:      lightli_arrival_windingriver
D:2:      kennysheep_generic_room_13, uniq_robin, uniq_jessica
D:3:      lemuel_blue_sif_altar
D:4:      nicolae_ru_awakened_eye, old_standard_altar
D:5:      nemelex_xobeh_ov_fountains_minmay,
          chequers_temple_overflow_statue_of_worship, lemuel_crystal_altar,
          first_ration, uniq_blork_the_orc
D:6:      minivault_5
D:7:      minmay_temple_entry_statues_pillars
D:8:      grunt_qazlal_clouds, overflow_temple_1_default, david_lair_generic,
          uniq_joseph
D:11:     blue_anna_alchemist
Temple:   jpeg_temple_clearing

Skill      XL: |  1  2  3  4  5  6  7  8  9 |
---------------+----------------------------+-----
Stealth        | 4 5 6 7 |  7.1
Dodging        | 4 7 8 |  8.0
Spellcasting   | 3 6 8 10 | 10.5
Poison Magic   | 5 7 8 |  8.1
Hexes          | 4 |  4.7
Conjurations   | |  0.6

Action                   |  1- 3 |  4- 6 |  7- 9 || total
-------------------------+-------+-------+-------++-------
Melee: Unarmed           |     1 |       |       ||     1
       Dagger            |    18 |   147 |   373 ||   538
 Fire: Shortbow          |       |       |   218 ||   218
 Cast: Sting             |    25 |    18 |     1 ||    44
       Poisonous Vapours |    18 |    21 |    13 ||    52
       Olgreb's Toxic Ra |       |       |    12 ||    12
       Mephitic Cloud    |       |       |     4 ||     4
       Confuse           |       |       |     6 ||     6
Evoke: Wand              |       |       |     4 ||     4
  Use: Scroll            |       |       |     9 ||     9
 Stab: Sleeping          |     1 |    12 |    13 ||    26
       Confused          |       |       |     3 ||     3
       Paralysed         |       |       |     2 ||     2
       Distracted        |       |       |     1 ||     1
  Eat: Ration            |       |     2 |     4 ||     6
Armor: Robe              |     2 |     5 |    14 ||    21
Dodge: Dodged            |    16 |    96 |   351 ||   463

Table legend:
 A = Spawn XP
 B = Non-spawn XP
 C = Spawn XP percentage of total XP
 D = Spawn monster count
 E = Non-spawn monster count
 F = Spawn count percentage of total count
 G = Total turns spent on level
                    A         B        C        D         E        F      G
               +---------+---------+-------+---------+---------+-------+---------
         Total |       0 |    4736 |   0.0 |       0 |     168 |   0.0 |  9898
               +---------+---------+-------+---------+---------+-------+---------
           D:1 |       0 |      41 |   0.0 |       0 |      18 |   0.0 |  1037
           D:2 |       0 |     173 |   0.0 |       0 |      34 |   0.0 |  1640
           D:3 |       0 |      47 |   0.0 |       0 |      11 |   0.0 |   923
           D:4 |       0 |     667 |   0.0 |       0 |      22 |   0.0 |  1606
           D:5 |       0 |     513 |   0.0 |       0 |      25 |   0.0 |   841
           D:6 |       0 |     992 |   0.0 |       0 |      27 |   0.0 |  2439
           D:7 |       0 |    1250 |   0.0 |       0 |      13 |   0.0 |   910
           D:8 |       0 |     549 |   0.0 |       0 |      13 |   0.0 |   214
          D:11 |       0 |     504 |   0.0 |       0 |       5 |   0.0 |   195
               +---------+---------+-------+---------+---------+-------+---------
